Map: Eternal Empire LE

Players

ZhuGeLiang

  • Race: Zerg Zerg
  • League: Master
  • Spawn Location: 7:00

Stats - Winner!

  • Race: Protoss Protoss
  • League: Grandmaster
  • Spawn Location: 1:00

Event: NationWars 2019

VOD

Have the link to the VOD?

Description

Time

  • Played on: Dec. 8, 2019, 3:17 p.m.
  • Length: 11:22
Show
View Real Time Build Order
Export as new Build Order

ZhuGeLiang Zerg 

Build Orders: Hatch First, Lurkers 

Get SALT Encoding   

  12  0:00  Drone  
  13  0:12  Overlord  
  13  0:17  Drone  
  14  0:30  Drone x2  
  16  0:47  Hatchery  
  15  0:51  Drone  
  15  0:55  Drone  
  17  0:58  Drone  
  18  1:08  Extractor  
  17  1:13  Spawning Pool  
  17  1:17  Drone  
  17  1:20  Drone  
  18  1:29  Drone  
  19  1:39  Drone  
  20  1:50  Drone  
  21  2:00  Queen x2, Overlord  
  26  2:01  Zergling x2  
  26  2:11  Drone x2  
  26  2:14  Metabolic Boost  
  28  2:21  Drone  
  30  2:22  Drone  
  30  2:37  Hatchery  
  30  2:39  Drone  
  30  2:43  Zergling x2  
  31  2:46  Overlord  
  31  2:53  Queen  
  31  2:56  Drone  
  31  2:58  Drone  
  35  3:00  Drone  
  35  3:05  Drone x2  
  38  3:08  Drone  
  38  3:09  Drone  
  40  3:14  Overlord  
  40  3:16  Drone  
  40  3:18  Drone  
  42  3:20  Drone  
  42  3:23  Drone  
  44  3:28  Overlord  
  44  3:30  Overlord  
  44  3:36  Drone  
  44  3:37  Queen  
  44  3:39  Drone  
  48  3:44  Overlord  
  48  3:47  Drone x2  
  48  3:48  Drone  
  51  3:52  Drone  
  51  3:53  Drone  
  51  3:55  Spore Crawler  
  52  3:57  Spore Crawler  
  51  4:04  Drone  
  51  4:05  Drone x4  
  51  4:07  Drone  
  51  4:09  Drone  
  58  4:12  Drone  
  58  4:13  Spore Crawler  
  58  4:18  Queen  
  60  4:28  Drone x7  
  65  4:36  Drone x4  
  65  4:38  Drone x2  
  67  4:43  Drone  
  67  4:44  Drone  
  67  4:45  Lair  
  69  4:50  Drone x3  
  69  4:51  Extractor  
  69  4:52  Extractor  
  69  4:57  Evolution Chamber  
  69  4:59  Evolution Chamber, Drone x3  
  65  5:07  Drone x3  
  65  5:08  Drone x2  
  65  5:11  Drone  
  65  5:12  Drone  
  72  5:15  Drone  
  70  5:22  Zergling x4  
  70  5:27  Overlord  
  71  5:30  Zerg Ground Armor Level 1  
  71  5:31  Zerg Melee Weapons Level 1  
  71  5:33  Zergling x12  
  71  5:35  Zergling x2  
  72  5:47  Zergling x8  
  72  5:49  Drone x3  
  77  5:53  Drone  
  78  5:58  Drone x2  
  78  6:03  Drone x2  
  82  6:10  Extractor, Overlord  
  82  6:11  Hydralisk Den  
  79  6:14  Baneling Nest  
  79  6:15  Extractor  
  79  6:16  Extractor, Drone x4  
  79  6:22  Drone x2  
  79  6:23  Overlord  
  79  6:24  Overlord  
  81  6:29  Overlord  
  81  6:34  Drone x2  
  81  6:35  Drone x2  
  81  6:36  Drone x2  
  87  6:42  Lurker Den  
  87  6:43  Drone  
  87  6:45  Hydralisk, Drone  
  87  6:46  Hydralisk x2  
  94  6:53  Drone  
  95  6:55  Drone  
  95  6:57  Hydralisk x4  
  95  7:01  Overlord  
  104  7:10  Hatchery  
  104  7:11  Hydralisk x2  
  104  7:12  Hydralisk  
  107  7:24  Overlord  
  107  7:27  Zergling x6  
  107  7:28  Zergling x16  
  118  7:34  Overlord x2  
  117  7:44  Lurker  
  117  7:45  Lurker x7  
  117  7:48  Zergling x4  
  117  7:49  Zergling x4  
  117  7:50  Overlord  
  129  7:51  Overlord  
  129  7:55  Overlord  
  129  7:57  Zerg Melee Weapons Level 2  
  127  8:05  Overlord  
  127  8:08  Zerg Ground Armor Level 2  
  127  8:11  Drone  
  128  8:23  Zergling x2  
  128  8:24  Zergling x16  
  137  8:27  Baneling x7  
  137  8:32  Hatchery  
  137  8:34  Queen  
  136  8:37  Infestation Pit, Drone x2  
  136  8:40  Overlord  
  139  8:43  Lurker x2  
  139  8:47  Zergling x2  
  139  8:48  Zergling x16  
  145  8:57  Overlord  
  145  8:58  Overlord  
  144  9:05  Overlord  
  144  9:13  Hive  
  144  9:17  Hatchery  
  139  9:20  Spire  
  139  9:22  Zergling x16  
  139  9:23  Zergling x4  
  145  9:41  Zergling x2  
  145  9:42  Zergling x16  
  146  9:57  Baneling x7  
  146  9:58  Baneling x5  
  139  10:00  Baneling  
  139  10:01  Baneling x13  
  139  10:02  Spore Crawler  
  139  10:05  Spore Crawler  
  137  10:11  Queen  
  137  10:12  Queen  
  136  10:14  Drone x2  
  138  10:25  Hatchery  
  137  10:38  Corruptor x6  
  142  10:55  Zergling x20  
  142  10:56  Zergling x12  
  117  10:59  Zergling x6  
  117  11:01  Zergling x4  
Show
View Real Time Build Order
Export as new Build Order

Stats Protoss - Winner!

Build Orders: 1 Gate Expand, Oracle Opening, Phoenix Opening, Archon Immortal 

Get SALT Encoding   

  12  0:00  Probe  
  13  0:12  Probe  
  14  0:22  Pylon  
  14  0:24  Probe  
  15  0:40  Probe (Chrono Boost)  
  16  0:45  Gateway  
  16  0:49  Assimilator, Probe (Chrono Boost)  
  17  0:54  Probe (Chrono Boost)  
  18  1:06  Probe  
  20  1:18  Probe  
  20  1:25  Nexus  
  20  1:35  Cybernetics Core  
  20  1:38  Probe  
  21  1:44  Assimilator  
  21  1:50  Probe  
  22  1:55  Pylon  
  22  2:02  Probe  
  23  2:10  Adept (Chrono Boost)  
  23  2:14  Probe  
  26  2:16  Stargate  
  26  2:26  Probe (Chrono Boost)  
  27  2:31  Warp Gate  
  27  2:33  Adept  
  29  2:37  Probe (Chrono Boost)  
  29  2:38  Probe (Chrono Boost)  
  31  2:47  Probe x2 (Chrono Boost)  
  33  2:53  Probe x2  
  35  3:00  Phoenix (Chrono Boost)  
  35  3:05  Probe x2  
  39  3:08  Pylon  
  39  3:17  Probe x2  
  39  3:19  Gateway  
  41  3:22  Oracle (Chrono Boost)  
  44  3:29  Probe x2  
  44  3:31  Assimilator  
  44  3:33  Assimilator  
  46  3:41  Probe  
  46  3:42  Probe  
  46  3:46  Pylon  
  48  3:51  Oracle (Chrono Boost)  
  51  3:56  Probe x2  
  53  4:02  Robotics Facility  
  53  4:08  Probe x2  
  55  4:12  Pylon  
  55  4:19  Adept x2  
  55  4:20  Probe  
  55  4:21  Probe  
  61  4:40  Nexus  
  61  4:41  Pylon  
  61  4:42  Adept x2  
  61  4:44  Pylon  
  65  4:50  Probe x2  
  65  4:51  Observer  
  68  5:09  Sentry  
  68  5:10  Sentry  
  68  5:12  Probe x2, Immortal  
  68  5:13  Forge  
  78  5:15  Twilight Council  
  78  5:24  Probe x2  
  80  5:36  Probe x2, Sentry  
  80  5:37  Sentry  
  80  5:38  Pylon, Protoss Ground Weapons Level 1 (Chrono Boost)  
  86  5:49  Immortal (Chrono Boost)  
  86  5:50  Charge  
  86  5:52  Probe x2  
  86  5:54  Gateway  
  86  5:55  Gateway  
  92  6:02  Templar Archives  
  92  6:05  Probe x3  
  95  6:18  Immortal (Chrono Boost)  
  95  6:19  Probe x3  
  95  6:24  Assimilator  
  102  6:25  Assimilator  
  102  6:27  Pylon  
  102  6:30  Gateway  
  102  6:33  Gateway  
  102  6:36  Probe x3  
  105  6:44  High Templar x2  
  105  6:45  Gateway  
  105  6:46  Gateway  
  109  6:48  Probe x3  
  109  6:50  Pylon, Photon Cannon  
  109  6:52  Shield Battery  
  109  6:53  Archon  
  112  6:55  Warp Prism (Chrono Boost)  
  114  7:03  Photon Cannon  
  114  7:13  Pylon  
  114  7:15  Pylon  
  114  7:17  Psionic Storm  
  114  7:18  Zealot x4, Protoss Ground Weapons Level 2 (Chrono Boost)  
  114  7:21  Robotics Facility  
  122  7:42  High Templar x3  
  128  7:44  Zealot x5  
  138  8:11  Nexus  
  138  8:12  Pylon  
  138  8:13  Pylon x2  
  138  8:15  Pylon  
  138  8:19  Immortal (Chrono Boost)  
  139  8:27  High Templar  
  141  8:30  Immortal (Chrono Boost)  
  141  8:31  Zealot x6  
  157  8:41  Nexus  
  157  8:42  Pylon  
  157  8:53  Zealot x3  
  157  8:54  Zealot  
  163  8:58  Immortal (Chrono Boost)  
  163  9:00  Blink (Chrono Boost)  
  167  9:05  Immortal (Chrono Boost)  
  171  9:10  High Templar  
  171  9:15  Pylon  
  173  9:17  Pylon  
  173  9:18  Nexus, Pylon  
  173  9:25  Photon Cannon, Shield Battery  
  169  9:34  Immortal  
  173  9:38  Immortal  
  177  9:48  High Templar x3  
  177  9:49  Zealot x4, High Templar  
  193  9:53  Archon x2  
  193  9:56  Pylon  
  193  9:59  Unknown  
  193  10:14  Fleet Beacon  
  193  10:15  Probe x2  
  193  10:16  Probe  
  196  10:36  Zealot x2  
  200  10:55  Archon x2  
  168  10:57  Zealot x8  
  168  11:03  Gateway  
  191  11:04  Gateway  
  191  11:08  Probe (Chrono Boost)  
  191  11:09  Probe x2 (Chrono Boost)  
Tags
 
Add a new tag
Caveats
  • Supply blocks, unpowered buildings, or Contaminate may cause inaccurate times.
  • Supply counts are checked every 10 seconds.